[Event "Team 45 45 League T40"]
[Site "Internet Chess Club"]
[Date "2009.03.23"]
[Round "8"]
[White "playwaycool"]
[Black "chess9397"]
[Result "1-0"]
[WhiteElo "2040"]
[BlackElo "1830"]
[Opening "Trompowsky attack (Ruth, Opocenský opening)"]
[ECO "A45"]
[Time "23:02:31"]
[TimeControl "2700+45"]

1. d4 Nf6 2. Bg5 Ne4 3. Bf4 c5 4. f3 Qa5+ 5. c3 Nf6 6. Nd2 cxd4 7. Nb3 Qb6 8.
Qxd4 Qxd4 9. cxd4 d5 10. e3 e6 11. g4 Nc6 12. Rc1 Bd7 13. Nc5 Bc8 14. Bb5 Be7
15. Nxb7 Bxb7 16. Rxc6 O-O 17. Rc7 Bb4+ 18. Kf2 Rfc8 19. Rxb7 Rc2+ 20. Ne2 Rxb2
21. Rc1 a6 22. Bxa6 h6 23. Bd3 Be1+ 24. Rxe1 Rxb7 25. Rc1 Rb2 26. a4 g5 27. Bd6
Rxa4 28. Rc8+ Kg7 29. Bf8+ Kg8 30. Bxh6+ Ne8 31. Rxe8# {Black checkmated} 1-0

[Event "Team 45 45 League T40"]
[Site "Internet Chess Club"]
[Date "2009.03.23"]
[Round "8"]
[White "cityprosecutor"]
[Black "carokantor"]
[Result "1-0"]
[WhiteElo "1777"]
[BlackElo "1928"]
[Opening "Caro-Kann: exchange variation"]
[ECO "B13"]
[Time "21:30:22"]
[TimeControl "2700+45"]

1. e4 c6 2. d4 d5 3. exd5 cxd5 4. Bd3 Nc6 5. c3 g6 6. Nf3 Bg7 7. Bf4 Nh6 8. O-O
f6 9. Re1 O-O 10. c4 Nf7 11. cxd5 Qxd5 12. Nc3 Qd8 13. d5 Nb4 14. Bc4 Bf5 15.
Nd4 Rc8 16. b3 Bd7 17. Rc1 f5 18. a3 Na6 19. Bxa6 bxa6 20. Nce2 Rxc1 21. Qxc1
Qb6 22. Qd1 Rc8 23. Be3 Qd6 24. Nc2 Be5 25. h3 f4 26. Bd4 f3 27. gxf3 Bxh3 28.
Bxe5 Nxe5 29. Ng3 Qf6 30. Nd4 Rf8 31. Qe2 Nxf3+ 32. Nxf3 Qxf3 33. Qxf3 Rxf3 34.
Rxe7 Rxb3 35. Rxa7 Rxa3 36. d6 Rd3 37. Ne4 h5 38. d7 Kf8 39. Nc5 Rd1+ 40. Kh2
Bf5 41. Ra8+ Ke7 42. Re8+ Kf7 43. d8=Q {Black resigns} 1-0

[Event "Team 45 45 League T40"]
[Site "Internet Chess Club"]
[Date "2009.03.23"]
[Round "8"]
[White "chess9793"]
[Black "werty"]
[Result "1/2-1/2"]
[WhiteElo "1911"]
[BlackElo "1530"]
[Opening "French: Tarrasch, closed variation"]
[ECO "C05"]
[Time "15:55:34"]
[TimeControl "2700+45"]

1. e4 e6 2. d4 d5 3. Nd2 Nf6 4. e5 Nfd7 5. c3 c5 6. Bd3 Nc6 7. Ndf3 Qb6 8. Ne2
cxd4 9. cxd4 Be7 10. O-O a6 11. a3 f6 12. Nf4 Nd8 13. Re1 Qc7 14. Bd2 fxe5 15.
Nxe5 Nxe5 16. dxe5 Nf7 17. Rc1 Qd8 18. Qc2 g6 19. a4 Bd7 20. Qb3 Rb8 21. Be3 b5
22. axb5 axb5 23. Bd2 Bg5 24. Qb4 Be7 25. Qd4 Qb6 26. Qxb6 Rxb6 27. Ra1 Rb8 28.
Bf1 Bc5 29. Nd3 Bb6 30. g3 O-O 31. Kg2 Ra8 32. f4 Ra4 33. Rxa4 bxa4 34. Rc1 Rc8
35. Rxc8+ Bxc8 36. Nb4 Bd7 37. Kf3 h5 38. Be3 Ba5 39. Bc5 Nd8 40. Ba6 Nc6 41.
Nxc6 Bxc6 42. Ke2 Kg7 43. Kd3 Bd7 44. Kc2 Kf7 45. b4 axb3+ 46. Kxb3 Kg7 47. Bd3
Kf7 48. h3 Be1 49. g4 {Game drawn by mutual agreement} 1/2-1/2

[Event "Team 45 45 League T40"]
[Site "Internet Chess Club"]
[Date "2009.03.20"]
[Round "8"]
[White "jesterday"]
[Black "pedrin"]
[Result "1/2-1/2"]
[WhiteElo "1949"]
[BlackElo "1630"]
[Opening "Sicilian: Scheveningen variation"]
[ECO "B80"]
[Time "14:00:47"]
[TimeControl "2700+45"]

1. e4 c5 2. Nf3 e6 3. d4 cxd4 4. Nxd4 Nf6 5. Nc3 d6 6. Be3 Be7 7. f3 O-O 8. Qd2
Nc6 9. O-O-O a6 10. g4 Qc7 11. h4 b5 12. Nb3 Ne5 13. g5 Nh5 14. f4 Ng4 15. Be2
Nxe3 16. Qxe3 b4 17. Nb1 g6 18. Bxh5 gxh5 19. Qf3 Bb7 20. Rhe1 d5 21. e5 Rfc8
22. Re2 a5 23. Qxh5 a4 24. Nd4 a3 25. b3 Ba6 26. Rg2 Bc5 27. Qg4 Qb6 28. f5 Bxd4
29. Qxd4 Rab8 30. g6 fxg6 31. fxg6 Qxd4 32. gxh7+ Kxh7 33. Rxd4 Bf1 34. Rgg4 Bh3
35. Rgf4 Bf5 36. Rxf5 exf5 37. Rxd5 Kg6 38. Kd2 Rd8 39. Rd3 f4 40. c3 bxc3+ 41.
Nxc3 Rxd3+ 42. Kxd3 Kf5 43. e6 Kxe6 44. Ke4 Rc8 45. Nb5 Rf8 46. Nd4+ Kd6 47. h5
f3 48. Nxf3 Rh8 49. Nd2 Rxh5 50. Nc4+ Kc5 51. Nxa3 Rh2 52. Nc4 Rxa2 53. Kd3 Kb4
54. Nd2 Rb2 55. Ke3 Kc3 56. Ne4+ Kxb3 57. Nd2+ Kc3 58. Ne4+ Kc4 59. Nd6+ Kd5 60.
Nf5 Rb3+ 61. Kd2 Ke4 62. Nd6+ Ke5 63. Nf7+ Ke6 64. Nd8+ Kd7 65. Nf7 Kc6 66. Ne5+
Kd5 67. Nd7 Rb2+ 68. Kc3 Ra2 69. Nf6+ Ke6 70. Ne4 Ke5 71. Nc5 Ra1 72. Nb3 Rh1
73. Nd2 {Game drawn by mutual agreement} 1/2-1/2

[Event "Team 45 45 League T40"]
[Site "Internet Chess Club"]
[Date "2009.03.24"]
[Round "8"]
[White "andrew28"]
[Black "makito"]
[Result "0-1"]
[WhiteElo "1752"]
[BlackElo "1826"]
[Opening "Four knights: Spanish, classical defense"]
[ECO "C48"]
[Time "13:59:14"]
[TimeControl "2700+45"]

1. e4 e5 2. Nf3 Nf6 3. Nc3 Nc6 4. Bb5 Bc5 5. O-O O-O 6. Bxc6 dxc6 7. Nxe5 Re8 8.
Nf3 Nxe4 9. Nxe4 Rxe4 10. d3 Re8 11. Ng5 Bf5 12. Nxf7 Qd5 13. Ng5 h6 14. Nf3 Bg4
15. h3 Bh5 16. g4 Rf8 17. Nh4 Qe5 18. Kg2 Bf7 19. c4 Rad8 20. Qc2 Qf6 21. Nf5
Bg6 22. Qc3 Qxc3 23. bxc3 Bxf5 24. d4 Be4+ 25. f3 Bd3 26. Rd1 Be2 27. Re1 Bxf3+
28. Kg1 Bd6 29. c5 Bg3 30. Re7 Rde8 31. Rxe8 Rxe8 32. Ba3 Re2 33. Kf1 Rh2 {White
resigns} 0-1

[Event "Team 45 45 League T40"]
[Site "Internet Chess Club"]
[Date "2009.03.23"]
[Round "8"]
[White "besonegro"]
[Black "jjmolina"]
[Result "1/2-1/2"]
[WhiteElo "1740"]
[BlackElo "1761"]
[Opening "Queen's pawn game"]
[ECO "D02"]
[Time "12:07:16"]
[TimeControl "2700+45"]

1. d4 d5 2. Nf3 c6 3. Bf4 Nf6 4. e3 Bg4 5. Bd3 e6 6. c3 Nbd7 7. Nbd2 h6 8. h3
Bh5 9. Qc2 c5 10. b3 Bxf3 11. Nxf3 cxd4 12. cxd4 Bb4+ 13. Nd2 Rc8 14. Qd1 Rc3
15. Qe2 O-O 16. O-O Qe7 17. Rfc1 Rfc8 18. Qd1 a6 19. Rxc3 Rxc3 20. Nb1 Rc6 21.
a3 Bd6 22. Bxd6 Qxd6 23. Ra2 Qc7 24. Rc2 e5 25. Rxc6 Qxc6 26. Qc2 Qxc2 27. Bxc2
exd4 28. exd4 Nb8 29. Nd2 Nc6 30. Nf3 Kf8 31. Kf1 Ke7 32. Ke2 Kd6 33. Ke3 b5 34.
Nd2 b4 35. a4 a5 36. Bd3 g5 37. g3 Ne7 38. f4 g4 39. hxg4 Nxg4+ 40. Ke2 h5 41.
Nf3 f6 42. Nh4 Nh6 43. Ke3 Ke6 44. Kf2 Nef5 45. Nxf5 Nxf5 46. Bxf5+ Kxf5 47. Kf3
Kg6 48. g4 hxg4+ 49. Kxg4 f5+ 50. Kg3 Kh5 51. Kh3 Kg6 52. Kh4 Kh6 53. Kg3 Kh5
54. Kh3 Kg6 55. Kh4 Kh6 56. Kg3 Kg7 57. Kh4 Kg6 58. Kg3 Kh5 59. Kh3 Kg6 60. Kh4
Kh6 61. Kg3 Kh5 62. Kh3 Kg6 63. Kh4 Kh6 64. Kg3 Kh5 65. Kh3 Kg6 66. Kh4 Kh6 67.
Kg3 Kh5 68. Kh3 Kg6 69. Kh4 Kh6 70. Kg3 Kh5 71. Kh3 Kg6 {Game drawn by
repetition} 1/2-1/2

[Event "Team 45 45 League T40"]
[Site "Internet Chess Club"]
[Date "2009.03.21"]
[Round "8"]
[White "katesolu"]
[Black "Orinal"]
[Result "0-1"]
[WhiteElo "1755"]
[BlackElo "1561"]
[Opening "Ruy Lopez: closed, 7...O-O"]
[ECO "C88"]
[Time "11:00:07"]
[TimeControl "2700+45"]

1. e4 e5 2. Nf3 Nc6 3. Bb5 a6 4. Ba4 Nf6 5. O-O b5 6. Bb3 Be7 7. Re1 O-O 8. h3
Bb7 9. d3 d6 10. c3 Na5 11. Bc2 c5 12. Nbd2 Qc7 13. Nf1 Rfe8 14. Ng3 g6 15. Bg5
Rad8 16. Rc1 Nc6 17. d4 c4 18. d5 Nb8 19. Qd2 Nbd7 20. Nh2 Bc8 21. f4 Bf8 22.
fxe5 dxe5 23. Ng4 Qc5+ 24. Kh1 Nxg4 25. Bxd8 Nf2+ 26. Kh2 Rxd8 27. Rf1 Nd3 28.
Bxd3 cxd3 29. Qxd3 Bh6 30. Rc2 Qe3 31. Qd1 Bf4 32. Qf3 Qxf3 33. gxf3 Nf6 34. Kg2
Bxg3 35. Kxg3 Nh5+ 36. Kg2 Nf4+ 37. Kg3 Bxh3 38. Rh1 Bd7 39. Rch2 h5 40. Kf2 Rc8
41. Ke3 Kg7 42. Rc1 g5 43. Rhc2 h4 44. c4 bxc4 45. Rxc4 Rxc4 46. Rxc4 h3 47. Rc1
Kg6 48. b4 Kh5 49. d6 Kh4 50. Rh1 Kg3 51. Rg1+ Ng2+ 52. Kd2 h2 {White resigns}
0-1

[Event "Team 45 45 League T40"]
[Site "Internet Chess Club"]
[Date "2009.03.21"]
[Round "8"]
[White "QueensCounselor"]
[Black "primerpaso"]
[Result "0-1"]
[WhiteElo "2004"]
[BlackElo "1787"]
[Opening "Nimzo-Indian: classical, 4...c5"]
[ECO "E38"]
[Time "16:03:20"]
[TimeControl "2700+45"]

1. d4 Nf6 2. c4 e6 3. Nc3 Bb4 4. Qc2 c5 5. a3 Bxc3+ 6. bxc3 d6 7. e4 e5 8. d5
Nbd7 9. Bd3 Nf8 10. Ne2 Ng6 11. O-O O-O 12. Rb1 Qe7 13. Bg5 h6 14. Bd2 Nh5 15.
Rb2 Nhf4 16. Nxf4 Nxf4 17. Bxf4 exf4 18. Rfb1 g5 19. a4 Re8 20. a5 Kg7 21. Qd1
Qf6 22. Rb3 Rb8 23. f3 h5 24. R1b2 g4 25. fxg4 hxg4 26. Rf2 Qh4 27. Rxf4 Rh8 28.
h3 Qg3 29. Qf1 f5 30. Bc2 Rxh3 31. Qf2 Qh2+ 32. Kf1 Rg3 33. exf5 Kf6 34. Rxg4
{White resigns} 0-1

[Event "Team 45 45 League T40"]
[Site "Internet Chess Club"]
[Date "2009.03.22"]
[Round "8"]
[White "fishhead"]
[Black "LoseOften"]
[Result "1-0"]
[WhiteElo "1990"]
[BlackElo "1808"]
[Opening "Sicilian: Najdorf, 7...Be7 main line"]
[ECO "B99"]
[Time "14:00:21"]
[TimeControl "2700+45"]

1. e4 c5 2. Nf3 d6 3. d4 cxd4 4. Nxd4 Nf6 5. Nc3 a6 6. Bg5 e6 7. f4 Be7 8. Qf3
Qc7 9. O-O-O Nbd7 10. Bd3 b5 11. Rhe1 Bb7 12. Qg3 b4 13. Nd5 exd5 14. e5 dxe5
15. fxe5 Ne4 16. Bxe4 dxe4 17. Bxe7 Kxe7 18. Nf5+ Kd8 19. Qxg7 Rf8 20. Qxf8#
{Black checkmated} 1-0

[Event "Team 45 45 League T40"]
[Site "Internet Chess Club"]
[Date "2009.03.22"]
[Round "8"]
[White "Steinwitz"]
[Black "CREDITorDEBIT"]
[Result "1-0"]
[WhiteElo "1744"]
[BlackElo "1662"]
[Opening "Sicilian: Grand Prix attack"]
[ECO "B23"]
[Time "17:06:55"]
[TimeControl "2700+45"]

1. e4 c5 2. Nc3 Nc6 3. f4 e6 4. Bc4 a6 5. a4 Be7 6. Nf3 Nf6 7. O-O d5 8. exd5
exd5 9. Ba2 d4 10. Ne2 b5 11. axb5 axb5 12. Bxf7+ Kxf7 13. Rxa8 Qd5 14. d3 Nb4
15. Ng5+ Kg6 16. f5+ Bxf5 17. Nf4+ {Black resigns} 1-0

[Event "Team 45 45 League T40"]
[Site "Internet Chess Club"]
[Date "2009.03.22"]
[Round "8"]
[White "Mater"]
[Black "predkoo"]
[Result "0-1"]
[WhiteElo "1671"]
[BlackElo "1783"]
[Opening "Dutch defense, Rubinstein variation"]
[ECO "A84"]
[Time "12:00:33"]
[TimeControl "2700+45"]

1. d4 f5 2. c4 e6 3. Nc3 Nf6 4. Nf3 Bb4 5. Bd2 O-O 6. Qc2 d5 7. cxd5 Bxc3 8.
bxc3 exd5 9. e3 b6 10. c4 Ba6 11. Qxf5 dxc4 12. Qe6+ Kh8 13. Ne5 c3 14. Bxc3
Bxf1 15. Rxf1 Nd5 16. Bb2 Qd6 17. Nf7+ Rxf7 18. Qxf7 Nc6 19. Ke2 Rf8 20. Qh5 g6
21. Qg5 Rf5 22. Qg3 Qb4 23. Rab1 Qc4+ 24. Kd2 Ncb4 25. Rfd1 Qd3+ 26. Ke1 Nc2#
{White checkmated} 0-1

[Event "Team 45 45 League T40"]
[Site "Internet Chess Club"]
[Date "2009.03.24"]
[Round "8"]
[White "alastorx"]
[Black "Fezzik"]
[Result "1-0"]
[WhiteElo "1755"]
[BlackElo "2000"]
[Opening "QGD Slav: Amsterdam variation"]
[ECO "D12"]
[Time "16:05:42"]
[TimeControl "2700+45"]

1. d4 d5 2. Nf3 Nf6 3. e3 Bf5 4. c4 c6 5. cxd5 cxd5 6. Nc3 e6 7. Ne5 Nfd7 8. Bd3
Bxd3 9. Nxd3 Nc6 10. O-O Bd6 11. Qg4 Nf6 12. Qxg7 Rg8 13. Qh6 Ng4 14. Qxh7 Bxh2+
15. Kh1 Kd7 16. Qxf7+ Kc8 17. Qxe6+ Kb8 18. g3 Bxg3 19. fxg3 Rh8+ 20. Kg1 Rg8
21. Qxd5 {Black resigns} 1-0

[Event "Team 45 45 League T40"]
[Site "Internet Chess Club"]
[Date "2009.03.22"]
[Round "8"]
[White "AronT"]
[Black "NFK"]
[Result "1-0"]
[WhiteElo "1847"]
[BlackElo "1728"]
[Opening "Budapest: Rubinstein variation"]
[ECO "A52"]
[Time "08:00:20"]
[TimeControl "2700+45"]

1. d4 Nf6 2. c4 e5 3. dxe5 Ng4 4. Bf4 Bb4+ 5. Nd2 Nc6 6. Nf3 Qe7 7. e3 Ngxe5 8.
Nxe5 Nxe5 9. Be2 d6 10. O-O O-O 11. Nb3 Ng6 12. Bg3 Rd8 13. a3 Bc5 14. Nxc5 dxc5
15. Qc2 a5 16. Rad1 c6 17. Rxd8+ Qxd8 18. Rd1 Qg5 19. Qb3 h5 20. Qb6 h4 21. Qd8+
Qxd8 22. Rxd8+ Kh7 23. Bd6 b6 24. Bc7 Ne7 25. Bd3+ f5 26. Re8 {Black resigns}
1-0

[Event "Team 45 45 League T40"]
[Site "Internet Chess Club"]
[Date "2009.03.21"]
[Round "8"]
[White "Egmont"]
[Black "Ghashgork"]
[Result "0-1"]
[WhiteElo "1706"]
[BlackElo "1751"]
[Opening "Ruy Lopez: ...b5 & ...d6"]
[ECO "C78"]
[Time "04:00:26"]
[TimeControl "2700+45"]

1. e4 e5 2. Nf3 Nc6 3. Bb5 a6 4. Ba4 Nf6 5. O-O b5 6. Bb3 d6 7. c3 Be7 8. d4 Bg4
9. d5 Na5 10. Bc2 Qc8 11. a4 c6 12. axb5 axb5 13. b4 Nc4 14. Rxa8 Qxa8 15. dxc6
Qxc6 16. Qd3 O-O 17. Nbd2 Nxd2 18. Nxd2 Rc8 19. Bb2 Nd7 20. Bb3 Nb6 21. Ra1 Nc4
22. Bc1 Bg5 23. Nf1 Bxc1 24. Rxc1 Be6 25. Bxc4 Bxc4 26. Qe3 Bxf1 27. Kxf1 d5 28.
exd5 Qxd5 29. f3 f6 30. Ke2 Kf7 31. Rd1 Qc4+ 32. Rd3 Rd8 33. Qd2 Ke6 34. Ke3
Qf4+ 35. Ke2 Qc4 36. Ke3 Qf4+ 37. Ke2 Qxd2+ 38. Kxd2 Rxd3+ 39. Kxd3 Kd5 40. h4
f5 41. c4+ bxc4+ 42. Kc3 e4 43. fxe4+ fxe4 44. b5 e3 45. b6 Kc6 {White resigns}
0-1

[Event "Team 45 45 League T40"]
[Site "Internet Chess Club"]
[Date "2009.03.22"]
[Round "8"]
[White "Thersites"]
[Black "BrerRabbit"]
[Result "1-0"]
[WhiteElo "1729"]
[BlackElo "1609"]
[Opening "French: Tarrasch"]
[ECO "C03"]
[Time "19:00:20"]
[TimeControl "2700+45"]

1. e4 e6 2. d4 d5 3. Nd2 Be7 4. e5 c5 5. Qg4 Bf8 6. dxc5 Qc7 7. Ngf3 Qxc5 8. c3
Ne7 9. Nb3 Qc7 10. Bf4 Ng6 11. Bg3 Be7 12. Bd3 O-O 13. h4 Nc6 14. Bxg6 fxg6 15.
h5 gxh5 16. Qxh5 h6 17. Qg6 Kh8 18. Rxh6+ gxh6 19. Qxh6+ Kg8 20. Qg6+ Kh8 21.
O-O-O Bg5+ 22. Nxg5 Qg7 23. Rh1+ Kg8 24. Qxg7+ Kxg7 25. Nc5 Rh8 26. Rxh8 Kxh8
27. f4 Nd8 28. Kd2 b6 29. Nb3 Ba6 30. Nd4 Bf1 31. Ngxe6 Nxe6 32. Nxe6 Bxg2 33.
Nd4 Kg7 34. Ke3 Rh8 35. f5 Bh3 36. Kf4 Kf7 37. a4 Rg8 38. Ne6 Rg4+ 39. Kf3 Rg8
40. Kf4 Ke8 41. Ng5 Bg2 42. f6 Be4 43. f7+ {Black resigns} 1-0

[Event "Team 45 45 League T40"]
[Site "Internet Chess Club"]
[Date "2009.03.20"]
[Round "8"]
[White "Ser-Enigma"]
[Black "nardz"]
[Result "1-0"]
[WhiteElo "2158"]
[BlackElo "2068"]
[Opening "QGD Slav: 3.Nf3"]
[ECO "D11"]
[Time "05:03:18"]
[TimeControl "2700+45"]

1. d4 d5 2. c4 c6 3. Nf3 Nf6 4. Qc2 a6 5. c5 Nbd7 6. Bf4 Nh5 7. Bd2 g6 8. g3 Bg7
9. Bc3 O-O 10. Bg2 f6 11. e3 f5 12. b4 Re8 13. Ne5 Nxe5 14. dxe5 Qc7 15. Qb2 g5
16. f3 b6 17. cxb6 Qxb6 18. Bd4 Qc7 19. O-O Rb8 20. Rc1 Qb7 21. a3 Bh6 22. Nd2
a5 23. Nb3 axb4 24. Na5 bxa3 25. Qxa3 Qa8 26. Nxc6 Qxa3 27. Rxa3 Rb7 28. Ra8 Kf7
29. Na5 Rb5 30. Bf1 Rxa5 31. Rxa5 Be6 32. f4 g4 33. Bg2 Rd8 34. Bb6 Rb8 35. Bd4
Ng7 36. Bxd5 Bxd5 37. Rxd5 Ne6 38. Rd7 Bf8 39. Rc2 Rb4 40. Bb2 Ke8 41. Ra7 h5
42. Kf2 Kf7 43. Ke2 Rb3 44. Ba3 Rb1 45. Rd2 Rh1 46. Kd3 Ra1 47. Kc3 Re1 48. Rdd7
Rxe3+ 49. Kd2 Rb3 50. Bxe7 {Black resigns} 1-0

[Event "Team 45 45 League T40"]
[Site "Internet Chess Club"]
[Date "2009.03.19"]
[Round "8"]
[White "charles-allen"]
[Black "The7thGuest"]
[Result "1/2-1/2"]
[WhiteElo "1893"]
[BlackElo "2012"]
[Opening "Sicilian"]
[ECO "B50"]
[Time "12:55:13"]
[TimeControl "2700+45"]

1. e4 c5 2. Nf3 d6 3. Bc4 e6 4. O-O Nc6 5. Re1 Nf6 6. d3 Be7 7. c3 O-O 8. Bb3 b6
9. Bg5 Na5 10. Bc2 Bb7 11. d4 cxd4 12. Qxd4 Rc8 13. Nbd2 Nc6 14. Qd3 g6 15. Rad1
Qc7 16. Qe2 Ng4 17. Bxe7 Nxe7 18. Bb3 d5 19. exd5 Nxd5 20. Qc4 Qf4 21. Qd4 Qxd4
22. Nxd4 Nf4 23. f3 Nf6 24. Nc4 Rc5 25. Rd2 Rd8 26. Red1 e5 27. Nc2 Rxd2 28.
Rxd2 e4 29. Nd6 exf3 30. Bxf7+ Kg7 31. Nxb7 Rg5 32. g3 Nh3+ 33. Kf1 Kxf7 34.
Nd8+ Ke8 35. Ne6 Re5 36. Ned4 Ne4 37. Rd3 f2 38. Nc6 Rf5 39. Re3 Ng5 40. N2d4
Rf6 41. Nb4 Kf7 42. Re2 {Game drawn by mutual agreement} 1/2-1/2

[Event "Team 45 45 League T40"]
[Site "Internet Chess Club"]
[Date "2009.03.21"]
[Round "8"]
[White "baumhauer"]
[Black "mcplayerus"]
[Result "0-1"]
[WhiteElo "1898"]
[BlackElo "2105"]
[Opening "Réti opening"]
[ECO "A04"]
[Time "04:01:09"]
[TimeControl "2700+45"]

1. Nf3 g6 2. c4 Bg7 3. Nc3 Nf6 4. e3 O-O 5. Be2 d5 6. b3 Ne4 7. Bb2 Nxc3 8. Bxc3
Bxc3 9. dxc3 dxc4 10. Bxc4 Nc6 11. Qxd8 Rxd8 12. h3 Bf5 13. Nd4 Ne5 14. Nxf5
gxf5 15. Bf1 Rd6 16. Rd1 Rad8 17. Rxd6 Rxd6 18. Be2 Kg7 19. g4 fxg4 20. hxg4 Rg6
21. Rh4 Rd6 22. g5 c5 23. Re4 Nc6 24. Bb5 e6 25. Ke2 Ne7 26. Re5 b6 27. Re4 Nd5
28. Rc4 Nc7 29. b4 Nxb5 30. bxc5 {White resigns} 0-1

[Event "Team 45 45 League T40"]
[Site "Internet Chess Club"]
[Date "2009.03.22"]
[Round "8"]
[White "PawnMorphy"]
[Black "Goal-2009"]
[Result "1/2-1/2"]
[WhiteElo "1945"]
[BlackElo "1788"]
[Opening "QGD semi-Slav: Meran, Wade variation"]
[ECO "D47"]
[Time "21:34:49"]
[TimeControl "2700+45"]

1. d4 d5 2. Nf3 Nf6 3. c4 c6 4. Nc3 e6 5. e3 Nbd7 6. Bd3 dxc4 7. Bxc4 b5 8. Bd3
Bb7 9. e4 b4 10. Na4 c5 11. e5 Nd5 12. O-O h6 13. dxc5 Nxc5 14. Nxc5 Bxc5 15.
Qa4+ Ke7 16. Bd2 Qb6 17. Rac1 Rhc8 18. a3 a5 19. Bc4 Ba6 20. Bxa6 Rxa6 21. Ne1
Qc6 22. Qxc6 Raxc6 23. Nd3 bxa3 24. bxa3 Bxa3 25. Rxc6 Rxc6 26. Bxa5 Ra6 27. Bd2
Rb6 28. Ra1 Bb2 29. Nxb2 Rxb2 30. Bc1 Rb7 31. Ba3+ Kd7 32. Bf8 g6 33. Bxh6 f5
34. exf6 Nxf6 35. Be3 Nd5 36. Ra7 Rxa7 37. Bxa7 Kd6 38. g3 Ke5 39. Kf1 Ke4 40.
h4 Kf3 41. Bd4 Kg4 42. Ke2 g5 43. hxg5 Kxg5 44. Kf3 Kf5 45. g4+ Kg5 46. Kg3 Ne7
47. f4+ Kg6 48. Kh4 Nd5 49. Be5 Ne7 50. Kg3 Nc6 51. Kf3 Kf7 52. Ke4 Kg6 53. g5
Kf7 54. Bc3 Kg6 {Game drawn by mutual agreement} 1/2-1/2

[Event "Team 45 45 League T40"]
[Site "Internet Chess Club"]
[Date "2009.03.22"]
[Round "8"]
[White "tsia68"]
[Black "Rlopez"]
[Result "1-0"]
[WhiteElo "1853"]
[BlackElo "1806"]
[Opening "Sicilian: closed"]
[ECO "B24"]
[Time "13:02:25"]
[TimeControl "2700+45"]

1. e4 c5 2. Nc3 Nc6 3. g3 e6 4. Bg2 g6 5. d3 Bg7 6. f4 d6 7. Nf3 Nge7 8. O-O O-O
9. Be3 a6 10. d4 cxd4 11. Nxd4 Qc7 12. Kh1 Rb8 13. Nce2 Bd7 14. c3 b5 15. Nxc6
Bxc6 16. Nd4 Bb7 17. Qd2 Rfd8 18. Qf2 Bc8 19. f5 exf5 20. Bg5 f6 21. Be3 fxe4
22. Bxe4 f5 23. Bg2 Rf8 24. Bg5 Re8 25. Rae1 h6 26. Bxe7 Rxe7 27. Rxe7 Qxe7 28.
Nc6 Qc7 29. Nxb8 Qxb8 30. Qe3 Bb7 31. Qe6+ Kh7 32. Rd1 Bxg2+ 33. Kxg2 Qb7+ 34.
Qd5 Qxd5+ 35. Rxd5 Be5 36. a4 b4 37. cxb4 Kg7 38. b5 axb5 39. a5 Kf7 40. Rxe5
{Black resigns} 1-0

[Event "Team 45 45 League T40"]
[Site "Internet Chess Club"]
[Date "2009.03.22"]
[Round "8"]
[White "AMAV"]
[Black "Fidius"]
[Result "0-1"]
[WhiteElo "2022"]
[BlackElo "2157"]
[Opening "Colle system"]
[ECO "D05"]
[Time "19:53:32"]
[TimeControl "2700+45"]

1. d4 d5 2. e3 Nf6 3. Nf3 e6 4. Bd3 c5 5. c3 Nc6 6. Nbd2 Qc7 7. O-O Bd6 8. dxc5
Bxc5 9. e4 O-O 10. exd5 exd5 11. Nb3 Bb6 12. Bg5 Ne4 13. Bh4 Re8 14. Bc2 Be6 15.
Ng5 Qf4 16. Nxe6 Rxe6 17. Bxe4 dxe4 18. Bg3 Qg5 19. Kh1 h5 20. h4 Qg6 21. Qc2
Ne7 22. Nd4 Bxd4 23. cxd4 Nf5 24. Qc3 Rc6 25. Qb3 Rb6 26. Qc3 e3 27. Kh2 Re8 28.
Rfe1 Qg4 29. b3 Rg6 30. Qc7 Kh7 31. Qf4 Re4 32. Qxg4 Rexg4 33. Rg1 Nxh4 34. Raf1
Nf5 35. Re1 h4 36. Rgf1 hxg3+ 37. fxg3 Rh6+ 38. Kg1 Nxg3 {White resigns} 0-1

[Event "Team 45 45 League T40"]
[Site "Internet Chess Club"]
[Date "2009.03.21"]
[Round "8"]
[White "hewdondada"]
[Black "playwaycool"]
[Result "0-1"]
[WhiteElo "1782"]
[BlackElo "2032"]
[Opening "QGD semi-Slav"]
[ECO "D43"]
[Time "21:03:27"]
[TimeControl "2700+45"]

1. d4 d5 2. c4 c6 3. Nf3 Nf6 4. Nc3 e6 5. cxd5 exd5 6. Bg5 Qb6 7. Qc2 Be7 8. e3
O-O 9. Bd3 h6 10. Bh4 Na6 11. a3 c5 12. Bxf6 Bxf6 13. Nxd5 Qd6 14. Nxf6+ Qxf6
15. Bxa6 bxa6 16. Qxc5 Bb7 17. Qe5 Qg6 18. Nh4 Qg4 19. Qg3 Qe6 20. O-O Rad8 21.
Rac1 Rfe8 22. Rc5 Rd5 23. Rxd5 Qxd5 24. Nf3 Re6 25. Ne5 Rf6 26. f4 Rb6 27. f5
Rxb2 28. Rf2 Rb1+ 29. Rf1 Qb5 30. Rxb1 Qxb1+ 31. Kf2 Qb2+ 32. Kf1 Qxa3 33. f6
Qc1+ 34. Ke2 Qc2+ 35. Kf1 Qf5+ 36. Qf2 Qb1+ 37. Qe1 Bxg2+ 38. Kf2 Qxe1+ 39. Kxe1
gxf6 40. Nd7 a5 41. Kd2 f5 42. Kc3 Kg7 43. Kc4 a4 44. Nc5 Bc6 45. d5 Be8 46. d6
Kf6 47. d7 Bxd7 48. Nxd7+ Ke6 49. Nc5+ Ke5 50. Kd3 a3 51. Nb3 f4 52. Nc1 f5 53.
Na2 a5 54. Nc3 a4 55. Na2 f3 56. Nc3 h5 57. Na2 f4 58. Nc3 Kf5 59. h3 Kg5 60. e4
Kh4 61. e5 Kxh3 62. e6 f2 63. Ke2 Kg2 {White resigns} 0-1

[Event "Team 45 45 League T40"]
[Site "Internet Chess Club"]
[Date "2009.03.22"]
[Round "8"]
[White "Gregorio"]
[Black "mugurelt"]
[Result "1-0"]
[WhiteElo "2134"]
[BlackElo "1724"]
[Opening "Robatsch (modern) defense"]
[ECO "B06"]
[Time "23:31:22"]
[TimeControl "2700+45"]

1. e4 g6 2. d4 Bg7 3. Be3 d6 4. Nc3 Nf6 5. f3 O-O 6. Qd2 c6 7. Bh6 Qa5 8. Nge2
e5 9. g4 Nbd7 10. h4 exd4 11. Nxd4 Bxh6 12. Qxh6 Kh8 13. h5 Ng8 14. Qd2 Ne5 15.
Be2 Be6 16. hxg6 Nxg6 17. f4 Bd7 18. O-O-O b5 19. f5 b4 20. fxg6 fxg6 21. Nb1
Nf6 22. Qh6 Rf7 23. Qxg6 Raf8 24. g5 Rg7 25. Qh6 Nxe4 26. Rhg1 Rfg8 27. Bc4 d5
28. Bd3 Qc7 29. Rdf1 Qd6 30. Qh4 c5 31. Nf3 Rf8 32. g6 Qf4+ 33. Nbd2 Qxh4 34.
Nxh4 Rxf1+ 35. Rxf1 hxg6 36. Rf8+ Kh7 37. Nxe4 dxe4 38. Bxe4 Bb5 39. Nxg6 Rxg6
40. Rf7+ Kh6 41. Bxg6 Kxg6 42. Rxa7 Bf1 43. a4 bxa3 44. bxa3 Kf6 45. Rd7 Ke6 46.
Rd1 Bb5 47. Kb2 Ke7 48. Rd5 {Black resigns} 1-0

[Event "Team 45 45 League T40"]
[Site "Internet Chess Club"]
[Date "2009.03.21"]
[Round "8"]
[White "RD1974"]
[Black "kabindra"]
[Result "1-0"]
[WhiteElo "1609"]
[BlackElo "1787"]
[Opening "Bishop's opening: Berlin defense"]
[ECO "C24"]
[Time "17:00:43"]
[TimeControl "2700+45"]

1. e4 e5 2. Bc4 Nf6 3. d3 Nc6 4. Nc3 Bb4 5. Ne2 d5 6. exd5 Nxd5 7. O-O Nxc3 8.
bxc3 Bd6 9. Ng3 O-O 10. a4 Qh4 11. Qf3 Be6 12. Bxe6 fxe6 13. Qe4 Qf6 14. Qe2 Qg6
15. Ne4 Be7 16. a5 b5 17. a6 Rab8 18. Be3 b4 19. cxb4 Rxb4 20. Rfb1 Rfb8 21.
Rxb4 Rxb4 22. f3 Rb2 23. Qd1 Nb4 24. Rc1 Ra2 25. Bxa7 Rxa6 26. Ra1 Rc6 27. c3
Nd5 28. Qd2 h6 29. Bf2 Nf4 30. Be3 Nd5 31. Ba7 Bg5 32. Nxg5 Qxg5 33. Qxg5 hxg5
34. c4 Nf4 35. Rd1 Rd6 36. Bb8 Rd7 37. Kf1 Nxd3 38. g3 c6 39. Ke2 Nc5 40. Bxe5
Rxd1 41. Kxd1 Nd3 42. Bd4 Kf7 43. Kd2 Nb4 44. Kc3 Na6 45. g4 g6 46. Bb6 Ke7 47.
Kd4 Kd6 48. Bd8 e5+ 49. Kc3 Nc5 50. Bxg5 e4 51. Bf4+ Ke6 52. fxe4 Nxe4+ 53. Kd4
Nf2 54. g5 Kf5 55. Bg3 Ne4 56. Be1 c5+ 57. Kd5 Nxg5 58. Kxc5 Ke6 59. Kc6 Nf3 60.
Bg3 Nd4+ 61. Kb6 Kd7 62. Kc5 Ne6+ 63. Kd5 Nd8 64. Ke5 Kc6 65. Bf2 Nf7+ 66. Kf6
Nd6 67. Kxg6 Nxc4 68. Bd4 Kd5 69. Bc3 Ke6 70. h4 Nd6 71. h5 Nf7 72. Bf6 Nd6 73.
h6 Ne8 74. h7 Nxf6 75. h8=Q {Black resigns} 1-0